 Dungeon Crawl Stone Soup version 0.21.0-3-g78d12a8 (webtiles) character file.

6577 Ignatius881 the Destroyer (level 11, -2/81 HPs)
             Began as a Gnoll Conjurer on Jan 10, 2018.
             Was a Believer of Vehumet.
             Slain by a hellwing (13 damage)
             ... on level 8 of the Dungeon.
             The game lasted 00:44:17 (12677 turns).

Ignatius881 the Destroyer (Gnoll Conjurer)         Turns: 12677, Time: 00:44:18

Health: -2/81      AC:  7    Str: 11    XL:     11   Next: 1%
Magic:  22/22      EV: 17    Int: 20    God:    Vehumet [**....]
Gold:   430        SH:  0    Dex: 16    Spells: 2/25 levels left

rFire    . . .     SeeInvis .   o - +2 hand axe (venom)
rCold    . . .     Gourm    .   (no shield)
rNeg     . . .     Faith    .   a - +0 robe
rPois    .         Spirit   .   h - +0 helmet
rElec    .         Reflect  .   B - +0 cloak
rCorr    .         Harm     .   g - +0 pair of gloves
MR       +....                  r - +0 pair of boots
Stlth    ++++......             (no amulet)
HPRegen  0.23/turn              (no ring)
MPRegen  0.18/turn              (no ring)

@: no status effects
A: distributed training, fangs 1, magic resistance 1, mutation resistance 1,
strong nose
a: Renounce Religion


You were on level 8 of the Dungeon.
You worshipped Vehumet.
Vehumet was pleased with you.
You were hungry.

You visited 2 branches of the dungeon, and saw 9 of its levels.
You also visited: Sewer.

You collected 430 gold pieces.

Inventory:

Hand Weapons
 l - a +0 flail of crushing
   (You took it off an orc on level 4 of the Dungeon)
 o - a +2 hand axe of venom (weapon)
   (You found it on level 1 of the Dungeon)
 q - a +3 spear of distortion {!w}
   (You found it on level 2 of the Dungeon)
 s - a +1 dagger of speed
   (You found it on level 2 of the Dungeon)
 A - a cursed -2 falchion
   (You found it on level 5 of the Dungeon)
 M - a cursed +0 trident of venom
   (You took it off a wight on level 7 of the Dungeon)
Missiles
 i - 243 stones (quivered)
Armour
 a - a +0 robe (worn)
 g - a +0 pair of gloves (worn)
   (You found it on level 1 of the Dungeon)
 h - a +0 helmet (worn)
   (You found it on level 1 of the Dungeon)
 r - a +0 pair of boots (worn)
   (You found it on level 3 of the Dungeon)
 B - a +0 cloak (worn)
   (You found it on level 5 of the Dungeon)
Jewellery
 L - an uncursed ring of wizardry {unknown}
   (You found it on level 7 of the Dungeon)
Wands
 x - a wand of acid (10)
   (You took it off an orc on level 3 of the Dungeon)
Scrolls
 d - 4 scrolls of blinking
 f - 3 scrolls of noise {unknown}
 j - 5 scrolls of teleportation {unknown}
 t - 5 scrolls of remove curse {@r2}
 u - 3 scrolls of magic mapping {unknown}
 w - 3 scrolls of fog {unknown}
 y - 2 scrolls of enchant armour {unknown}
 D - 2 scrolls of enchant weapon {unknown}
 E - a scroll of random uselessness {unknown}
 J - a scroll of immolation {unknown}
 K - a scroll of amnesia {unknown}
Potions
 k - 3 potions of lignification {unknown}
 m - 3 potions of mutation {!q}
 n - 3 potions of brilliance
 p - 4 potions of curing {@q1}
 v - 2 potions of flight
 z - a potion of degeneration {unknown}
 C - a potion of ambrosia {unknown}
 F - a potion of magic {unknown}
 H - a potion of haste {unknown}
 I - a potion of agility {unknown}
 N - a potion of invisibility {unknown}
Books
 b - a book of Maledictions
   (You found it on level 2 of the Dungeon)
 e - a book of Conjurations
 G - a book of Frost
   (You found it on level 6 of the Dungeon)
Comestibles
 c - 10 rations


   Skills:
 + Level 5.7 Fighting
 + Level 5.7 Short Blades
 + Level 5.7 Long Blades
 + Level 5.7 Axes
 + Level 5.7 Maces & Flails
 + Level 5.7 Polearms
 + Level 5.7 Staves
 + Level 5.7 Slings
 + Level 5.7 Bows
 + Level 5.7 Crossbows
 + Level 5.7 Throwing
 + Level 5.7 Armour
 + Level 7.4 Dodging
 + Level 7.2 Stealth
 + Level 5.7 Shields
 + Level 5.7 Unarmed Combat
 + Level 7.7 Spellcasting
 + Level 8.6 Conjurations
 + Level 4.7 Hexes
 + Level 4.7 Charms
 + Level 4.7 Summonings
 + Level 4.7 Necromancy
 + Level 4.7 Translocations
 + Level 4.7 Transmutations
 + Level 4.7 Fire Magic
 + Level 4.7 Ice Magic
 + Level 4.7 Air Magic
 + Level 4.7 Earth Magic
 + Level 4.7 Poison Magic
 + Level 6.3 Invocations
 + Level 5.7 Evocations


You had 2 spell levels left.
You knew the following spells:

 Your Spells              Type           Power        Failure   Level  Hunger
a - Magic Dart            Conj           ####         1%          1    None
b - Searing Ray           Conj           #####.       1%          2    None
c - Iskenderun's Mystic   Conj           #####...     2%          4    ###....
d - Fulminant Prism       Conj/Hex       ####......   5%          4    ###....
e - Throw Frost           Conj/Ice       ####..       1%          2    None
f - Summon Ice Beast      Ice/Summ       ####....     12%         4    ###....
g - Throw Icicle          Conj/Ice       ####....     5%          4    ###....
h - Flame Tongue          Conj/Fire      ####.        1%          1    None
i - Sandblast             Erth           ####..       1%          1    None


Dungeon Overview and Level Annotations

Branches:
Dungeon (8/15)             Temple (1/1) D:5
   Lair: D:8-11

Altars:
Ashenzari
Cheibriados
Dithmenos
Elyvilon
Fedhas
Gozag
Hepliaklqana
Kikubaaqudgha
Makhleb
Nemelex Xobeh
Okawaru
Qazlal
Ru
Sif Muna
Trog
Uskayaw
Vehumet
Wu Jian
Xom
Yredelemnul
Zin
The Shining One

Shops:
D:7 :


Innate Abilities, Weirdness & Mutations

Your experience applies equally to all skills.
You have very sharp teeth.
Your uncanny sense of smell can sniff out nearby items.
You are resistant to hostile enchantments. (MR+)
You are somewhat resistant to further mutation.


Message History

The ogre hits you with a giant spiked club!
The slave shouts!
You slash the ogre!
The ogre is poisoned.
You barely miss the hellwing. You hit the slave.
The slave is poisoned.
The hellwing closely misses you. x2
The slave barely misses you. The ogre misses you.
You hit the hellwing but do no damage. You hit the ogre.
The ogre looks as sick as possible!
You hit the slave.
The slave looks as sick as possible!
You are feeling hungry.
The hellwing hits you! The hellwing barely misses you. The slave misses you.
A centaur warrior skeleton comes into view.
The hellwing misses you. The hellwing hits you! The hellwing hits you.
The hellwing completely misses you.
You slash the ogre! You punch the ogre.
You kill the ogre!
Vehumet accepts your kill.
You feel your power returning.
You hit the hellwing but do no damage. The hellwing hits you!
* * * LOW HITPOINT WARNING * * *
The hellwing closely misses you. The hellwing hits you.
* * * LOW HITPOINT WARNING * * *
The hellwing hits you.
* * * LOW HITPOINT WARNING * * *
The hellwing closely misses you.
The hellwing hits you but does no damage.
You kill the slave!
That felt strangely unrewarding.
There is an open door here.
The hellwing swoops through the air toward you!
The hellwing misses you. x2
You closely miss the hellwing.
You barely miss the centaur warrior skeleton.
The centaur warrior skeleton hits you but does no damage.
The hellwing hits you.
* * * LOW HITPOINT WARNING * * *
The hellwing hits you.
* * * LOW HITPOINT WARNING * * *
The centaur warrior skeleton completely misses you.
The hellwing completely misses you. The hellwing barely misses you.
The hellwing hits you!
* * * LOW HITPOINT WARNING * * *
The hellwing hits you but does no damage.
The hellwing hits the withered plant!
The hellwing hits the withered plant.
The centaur warrior skeleton barely misses you.
The slave hits the withered plant but does no damage.
The centaur warrior skeleton hits you but does no damage.
The hellwing swoops through the air toward you!
The hellwing hits you!
You die...

#..#....)8........
#..#..............
#..#PpP.....P8....
#+####..#...P.........#
#...#...........8.8..P.
#...'..........(.......
+..#####.....8.∩..8....
#######'#...Z....8.)..8.....
#..........@.........8......
#..........4..P.P.....8.8...
#...............P.PPP8.P....
######p...............8.8..P.....
#......#######.....##...8.....###
#......# #.....#.........## #
#<.....# #.....'.........# #
#......##### #.....######.### #
#..).......# ##....# ##########


You could see a hellwing, a slave and a centaur warrior skeleton.

Vanquished Creatures
  A two-headed ogre (D:8)
  2 centaur zombies (D:8)
  2 centaur skeletons (D:8)
  Psyche (D:8)
  The ghost of komo4ek the Firebug, a novice VSFE (D:6)
  Prince Ribbit (D:8)
  Eustachio (D:5)
  Sigmund (D:6)
  A hungry ghost (D:8)
  2 black bears (D:6)
  An orc warrior (D:6)
  A slave (D:8)
  2 phantoms (D:4)
  8 ogres
  3 centaurs
  A big kobold (Sewer)
  3 bullfrogs
  6 killer bees (D:7)
  A scorpion (D:5)
  9 wights (D:7)
  A howler monkey (D:8)
  5 crimson imps
  A bullfrog zombie (D:5)
  2 hounds (D:7)
  A quasit (D:6)
  3 orc priests (D:7)
  2 gnoll shamans
  7 orc wizards
  Jessica (D:5)
  Terence (D:2)
  7 worker ants
  A hound skeleton (D:8)
  13 gnolls
  6 adders
  A river rat (Sewer)
  6 shadow imps
  2 oozes
  An adder skeleton (D:5)
  3 worms
  A dart slug (D:1)
  4 leopard geckos
  34 orcs
  5 giant cockroaches
  12 goblins
  6 hobgoblins
  8 jackals
  4 quokkas
  2 ball pythons
  A ball python skeleton (D:6)
  9 bats
  4 frilled lizards
  A jackal skeleton (D:8)
  14 kobolds
  A quokka skeleton (D:4)
  13 rats
231 creatures vanquished.

Notes
Turn   | Place    | Note
-------+----------+-------------------------------------------
     0 | D:1      | Ignatius881 the Gnoll Conjurer began the quest for the Orb.
     0 | D:1      | Reached XP level 1. HP: 13/13 MP: 6/6
   191 | D:1      | Reached XP level 2. HP: 19/19 MP: 4/7
   216 | D:1      | Learned a level 2 spell: Searing Ray
   543 | D:1      | Reached XP level 3. HP: 25/25 MP: 3/9
   680 | D:1      | Reached skill level 5 in Spellcasting
   944 | D:2      | Reached skill level 1 in Invocations
   946 | D:2      | Reached skill level 1 in Fighting
   946 | D:2      | Reached skill level 1 in Short Blades
   946 | D:2      | Reached skill level 1 in Long Blades
   946 | D:2      | Reached skill level 1 in Axes
   946 | D:2      | Reached skill level 1 in Maces & Flails
   946 | D:2      | Reached skill level 1 in Polearms
   946 | D:2      | Reached skill level 1 in Staves
   946 | D:2      | Reached skill level 1 in Slings
   946 | D:2      | Reached skill level 1 in Bows
   946 | D:2      | Reached skill level 1 in Crossbows
   946 | D:2      | Reached skill level 1 in Throwing
   946 | D:2      | Reached skill level 1 in Armour
   946 | D:2      | Reached skill level 1 in Shields
   946 | D:2      | Reached skill level 1 in Unarmed Combat
   946 | D:2      | Reached skill level 1 in Evocations
   948 | D:2      | Reached XP level 4. HP: 27/32 MP: 1/11
  1132 | D:2      | Learned a level 4 spell: Iskenderun's Mystic Blast
  1137 | D:2      | Learned a level 4 spell: Fulminant Prism
  1161 | D:2      | Found a snail-covered altar of Cheibriados.
  1170 | D:2      | Found a shadowy altar of Dithmenos.
  1170 | D:2      | Found a stormy altar of Qazlal.
  1170 | D:2      | Found an ornate altar of the Wu Jian Council.
  1170 | D:2      | Found a hazy altar of Hepliaklqana.
  1400 | D:2      | Reached skill level 1 in Hexes
  1400 | D:2      | Reached skill level 1 in Charms
  1400 | D:2      | Reached skill level 1 in Summonings
  1400 | D:2      | Reached skill level 1 in Necromancy
  1400 | D:2      | Reached skill level 1 in Translocations
  1400 | D:2      | Reached skill level 1 in Transmutations
  1400 | D:2      | Reached skill level 1 in Fire Magic
  1400 | D:2      | Reached skill level 1 in Ice Magic
  1400 | D:2      | Reached skill level 1 in Air Magic
  1400 | D:2      | Reached skill level 1 in Earth Magic
  1400 | D:2      | Reached skill level 1 in Poison Magic
  1595 | D:2      | Noticed Terence
  1604 | D:2      | Killed Terence
  1604 | D:2      | Reached XP level 5. HP: 37/37 MP: 2/12
  2832 | D:3      | Gained mutation: Your spells are a little easier to cast, but a little less powerful. [mutagenic glow]
  2866 | D:3      | Gained mutation: You occasionally shout uncontrollably at your foes. [mutagenic glow]
  3099 | D:4      | Found a glowing drain.
  3103 | D:4      | Noticed an ogre
  3109 | Sewer    | Entered a sewer
  3293 | Sewer    | Noticed a big kobold
  3309 | Sewer    | Killed a big kobold
  3309 | Sewer    | Reached XP level 6. HP: 34/44 MP: 1/13
  3437 | Sewer    | Found a white marble altar of Elyvilon.
  3475 | Sewer    | Lost mutation: You occasionally shout uncontrollably at your foes. [potion of mutation]
  3475 | Sewer    | Lost mutation: Your spells are a little easier to cast, but a little less powerful. [potion of mutation]
  3475 | Sewer    | Gained mutation: You are resistant to hostile enchantments. (MR+) [potion of mutation]
  3475 | Sewer    | Gained mutation: You are somewhat resistant to further mutation. [potion of mutation]
  3510 | D:4      | HP: 2/44 [ogre/giant club (23)]
  3512 | D:4      | Reached skill level 5 in Dodging
  4060 | D:4      | Reached XP level 7. HP: 35/50 MP: 7/15
  5335 | D:4      | Found a shadowy altar of Dithmenos.
  5345 | D:4      | Reached skill level 5 in Stealth
  5666 | D:5      | Entered Level 5 of the Dungeon
  5732 | D:5      | Found a staircase to the Ecumenical Temple.
  5784 | D:5      | Reached XP level 8. HP: 57/57 MP: 7/16
  6411 | D:5      | Noticed Jessica
  6416 | D:5      | Killed Jessica
  6450 | D:5      | Found a deep blue altar of Sif Muna.
  6470 | D:5      | Noticed Eustachio
  6488 | D:5      | Killed Eustachio
  7078 | D:5      | Reached XP level 9. HP: 65/65 MP: 13/18
  7359 | Temple   | Entered the Ecumenical Temple
  7463 | Temple   | Became a worshipper of Vehumet
  7708 | D:6      | Noticed komo4ek's ghost (novice VSFE)
  7717 | D:6      | Killed komo4ek's ghost
  8156 | D:6      | Reached skill level 8 in Conjurations
  8492 | D:6      | Noticed Sigmund
  8496 | D:6      | Killed Sigmund
  8623 | D:6      | Learned a level 2 spell: Throw Frost
  8628 | D:6      | Learned a level 4 spell: Summon Ice Beast
  8633 | D:6      | Learned a level 4 spell: Throw Icicle
  9182 | D:7      | Found Qazej's Book Shoppe.
  9223 | D:7      | Reached * piety under Vehumet
  9223 | D:7      | Offered knowledge of Flame Tongue by Vehumet.
  9225 | D:7      | Reached skill level 5 in Invocations
  9594 | D:7      | Reached XP level 10. HP: 56/73 MP: 12/20
  9902 | D:7      | Learned a level 1 spell: Flame Tongue
 10828 | D:8      | Noticed Prince Ribbit
 10975 | D:8      | Reached skill level 5 in Fighting
 10975 | D:8      | Reached skill level 5 in Short Blades
 10975 | D:8      | Reached skill level 5 in Long Blades
 10975 | D:8      | Reached skill level 5 in Axes
 10975 | D:8      | Reached skill level 5 in Maces & Flails
 10975 | D:8      | Reached skill level 5 in Polearms
 10975 | D:8      | Reached skill level 5 in Staves
 10975 | D:8      | Reached skill level 5 in Slings
 10975 | D:8      | Reached skill level 5 in Bows
 10975 | D:8      | Reached skill level 5 in Crossbows
 10975 | D:8      | Reached skill level 5 in Throwing
 10975 | D:8      | Reached skill level 5 in Armour
 10975 | D:8      | Reached skill level 5 in Shields
 10975 | D:8      | Reached skill level 5 in Unarmed Combat
 10975 | D:8      | Reached skill level 5 in Evocations
 11343 | D:8      | Offered knowledge of Sandblast by Vehumet.
 11355 | D:8      | Learned a level 1 spell: Sandblast
 11380 | D:8      | Reached ** piety under Vehumet
 11790 | D:8      | Found an iron altar of Okawaru.
 12067 | D:8      | Noticed a two-headed ogre
 12081 | D:8      | HP: 2/74 [two-headed ogre/giant spiked club (15)]
 12082 | D:8      | Killed a two-headed ogre
 12508 | D:8      | Noticed Psyche
 12514 | D:8      | Killed Psyche
 12572 | D:8      | Killed Prince Ribbit
 12572 | D:8      | Reached XP level 11. HP: 81/81 MP: 11/22
 12677 | D:8      | Slain by a hellwing

Skill      XL: |  1  2  3  4  5  6  7  8  9 10 |
---------------+-------------------------------+-----
Spellcasting   | 5 6 7 |  7.7
Invocations    | 1 2 3 4 5 6 |  6.3
Fighting       | 1 2 3 4 5 |  5.7
Short Blades   | 1 2 3 4 5 |  5.7
Long Blades    | 1 2 3 4 5 |  5.7
Axes           | 1 2 3 4 5 |  5.7
Maces & Flails | 1 2 3 4 5 |  5.7
Polearms       | 1 2 3 4 5 |  5.7
Staves         | 1 2 3 4 5 |  5.7
Slings         | 1 2 3 4 5 |  5.7
Bows           | 1 2 3 4 5 |  5.7
Crossbows      | 1 2 3 4 5 |  5.7
Throwing       | 1 2 3 4 5 |  5.7
Armour         | 1 2 3 4 5 |  5.7
Shields        | 1 2 3 4 5 |  5.7
Unarmed Combat | 1 2 3 4 5 |  5.7
Evocations     | 1 2 3 4 5 |  5.7
Hexes          | 1 2 3 4 |  4.7
Charms         | 1 2 3 4 |  4.7
Summonings     | 1 2 3 4 |  4.7
Necromancy     | 1 2 3 4 |  4.7
Translocations | 1 2 3 4 |  4.7
Transmutations | 1 2 3 4 |  4.7
Fire Magic     | 1 2 3 4 |  4.7
Ice Magic      | 1 2 3 4 |  4.7
Air Magic      | 1 2 3 4 |  4.7
Earth Magic    | 1 2 3 4 |  4.7
Poison Magic   | 1 2 3 4 |  4.7
Dodging        | 5 6 7 |  7.4
Stealth        | 5 6 7 |  7.2
Conjurations   | 8 |  8.6

Action                   |  1- 3 |  4- 6 |  7- 9 | 10-12 || total
-------------------------+-------+-------+-------+-------++-------
Melee: Spear             |       |     6 |       |       ||     6
       Hand axe          |       |    21 |    40 |    20 ||    81
       Bite              |       |     2 |     3 |     3 ||     8
       Punch             |       |       |       |     2 ||     2
 Cast: Magic Dart        |    39 |   122 |   172 |   108 ||   441
       Searing Ray       |     2 |     8 |    49 |    37 ||    96
       Iskenderun's Myst |       |     3 |    13 |     1 ||    17
       Summon Ice Beast  |       |       |     1 |       ||     1
       Sandblast         |       |       |       |     8 ||     8
       Flame Tongue      |       |       |       |     3 ||     3
  Use: Scroll            |       |     4 |       |     1 ||     5
       Potion            |       |     5 |       |       ||     5
  Eat: Chunk             |       |     7 |     8 |     2 ||    17
       Ration            |       |     1 |     3 |     2 ||     6
Armor: Robe              |       |     8 |    47 |    29 ||    84
Dodge: Dodged            |     1 |    52 |   155 |   112 ||   320
